 Dungeon Sprint DCSS version 0.20-a0-556-g892c87b (webtiles) character file.

5412 Kidiri the Thaumaturge (level 10, -4/61 HPs)
             Began as a Deep Elf Fire Elementalist on Feb 4, 2017.
             Was the Champion of Vehumet.
             Killed from afar by Gumiw the pandemonium lord (60 damage)
             ... with an orb of electricity
             ... in the Dungeon (Sprint V: "Ziggurat Sprint").
             The game lasted 00:09:09 (1100 turns).

Kidiri the Thaumaturge (Deep Elf Fire Elementalist) Turns: 1100, Time: 00:09:10

Health: -4/61      AC:  8    Str: 12    XL:     10   Next: 40%
Magic:  32/36      EV: 19    Int: 46    God:    Vehumet [******]
Gold:   0          SH:  0    Dex: 15    Spells: 13/38 levels left

rFire    . . .     SeeInvis .   m - +6 Majin-Bo {vamp, Archmagi MP+6 Int+6}
rCold    . . .     Gourm    .   J - +1 robe of the Duke {rCorr Str+4 Int+4}
rNeg     . . .     Faith    .   (shield currently unavailable)
rPois    .         Spirit   .   (no helmet)
rElec    .         Reflect  .   K - +2 cloak {MR+}
rCorr    +         Harm     .   (no gloves)
MR       ++...     NoTele   +   Q - +0 pair of boots of the Great Game {Str+3}
Stlth    ++........             (no amulet)
Regen    0.2/turn               B - +6 ring of intelligence
                                A - +6 ring of intelligence

@: no status effects
A: no striking features
a: Renounce Religion


You were in the Dungeon.
You worshipped Vehumet.
Vehumet was exalted by your worship.
You were full.

You visited 1 branch

Inventory:

Hand Weapons
 m - the +6 Majin-Bo (weapon) {vamp, Archmagi MP+6 Int+6}
   (You found it in the Dungeon)

   It inflicts no extra harm, but heals its wielder when it wounds a living foe.
   It affects your intelligence (+6).
   It affects your magic capacity (+6).
Armour
 a - a +0 robe
 J - the +1 robe of the Duke (worn) {rCorr Str+4 Int+4}
   (You found it in the Dungeon)

   It affects your strength (+4).
   It affects your intelligence (+4).
   It protects you from acid and corrosion.
 K - a +2 cloak of magic resistance (worn)
 O - a +2 robe of the Archmagi
 Q - the +0 pair of boots of the Great Game (worn) {Str+3}
   (You found it in the Dungeon)

   It affects your strength (+3).
Jewellery
 y - a +6 ring of dexterity
 z - a +6 ring of dexterity
 A - a +6 ring of intelligence (left hand)
 B - a +6 ring of intelligence (right hand)
 C - a +6 ring of strength
 D - a +6 ring of strength
 I - the ring of Diaci {Fire Slay+2}
   (You found it in the Dungeon)

   [ring of fire]

   It enhances your fire magic.
   It affects your accuracy and damage with ranged weapons and melee attacks
   (+2).
   It protects you from fire.
   It makes you vulnerable to cold.
 M - the ring "Jucvetwa" {Int+3 Dex+4 SInv Stlth+}
   (You found it in the Dungeon)

   [ring of see invisible]

   It affects your intelligence (+3).
   It affects your dexterity (+4).
   It lets you see invisible.
   It makes you more stealthy.
 P - the ring "Toigo" {*Corrode rF- MP+9 Int+3 Dex+8}
   (You found it in the Dungeon)

   [ring of magical power]

   It affects your intelligence (+3).
   It affects your dexterity (+8).
   It makes you vulnerable to fire.
   It affects your magic capacity (+9).
   It may corrode you when you take damage.
 S - an uncursed ring of stealth
Wands
 E - a wand of disintegration (7/24)
 F - a wand of iceblast (4/15)
 G - a wand of lightning (5/15)
 H - a wand of acid (5/15)
Scrolls
 i - 4 scrolls of blinking
 p - 4 scrolls of amnesia
 q - 3 scrolls of recharging
 r - 7 scrolls of fog
 s - 2 scrolls of holy word
 t - 5 scrolls of identify
 u - 5 scrolls of remove curse
 v - 2 scrolls of fear
Potions
 d - 5 potions of curing
 e - 5 potions of heal wounds
 f - 6 potions of haste
 g - 7 potions of magic
 h - 3 potions of berserk rage
 j - 2 potions of brilliance
 k - 2 potions of invisibility
 l - 4 potions of resistance
 n - 6 potions of agility
 o - 5 potions of might
Books
 b - a book of Flames

   Spells                             Type                      Level
   a - Flame Tongue                   Conjuration/Fire             1
   b - Throw Flame                    Conjuration/Fire             2
   c - Conjure Flame                  Conjuration/Fire             3
   d - Inner Flame                    Hexes/Fire                   3
   e - Sticky Flame                   Conjuration/Fire             4
   f - Fireball                       Conjuration/Fire             5
 N - a book of the Sky

   Spells                             Type                      Level
   a - Summon Lightning Spire         Summoning/Air                4
   b - Airstrike                      Air                          4
   c - Silence                        Hexes/Air                    5
   d - Deflect Missiles               Charms/Air                   6
   e - Conjure Ball Lightning         Conjuration/Air              6
   f - Tornado                        Air                          9
 R - a book of Frost

   Spells                             Type                      Level
   a - Freeze                         Ice                          1
   b - Throw Frost                    Conjuration/Ice              2
   c - Ozocubu's Armour               Charms/Ice                   3
   d - Throw Icicle                   Conjuration/Ice              4
   e - Summon Ice Beast               Ice/Summoning                4
Comestibles
 c - 5 bread rations
 w - 30 fruits
 x - 4 meat rations


   Skills:
 + Level 6.7 Fighting
 + Level 8.2 Staves
 + Level 6.9 Armour
 + Level 10.2 Dodging
 - Level 2.4 Stealth
 * Level 14.7 Spellcasting
 + Level 9.3 Conjurations
 + Level 9.5 Fire Magic
 * Level 5.6 Air Magic
 + Level 8.6 Evocations


You had 13 spell levels left.
You knew the following spells:

 Your Spells              Type           Power        Failure   Level  Hunger
a - Flame Tongue          Conj/Fire      #####        0%          1    None
b - Throw Flame           Conj/Fire      ######       1%          2    None
c - Conjure Flame         Conj/Fire      ########     1%          3    None
d - Inner Flame           Hex/Fire       #######.     1%          3    None
e - Sticky Flame          Conj/Fire      ########     1%          4    None
f - Fireball              Conj/Fire      ########..   1%          5    None
g - Airstrike             Air            #######...   1%          4    None
h - Ignite Poison         Fire/Tmut/Pois #######.     1%          3    None


Dungeon Overview and Level Annotations

Branches:
Dungeon (1/1)

Altars:
Ashenzari
Cheibriados
Dithmenos
Elyvilon
Fedhas
Gozag
Hepliaklqana
Kikubaaqudgha
Makhleb
Nemelex Xobeh
Okawaru
Qazlal
Ru
Sif Muna
Trog
Uskayaw
Vehumet
Xom
Yredelemnul
Zin
The Shining One
Beogh
Jiyva
Lugonu


Message History

Casting: Flame Tongue
Confirm with . or Enter, or press ? or * to list all spells.
Aiming: Fireball
Press: ? - help, Shift-Dir - straight line You feel a surge of power!
The fireball explodes!
The fireball engulfs something.
The fireball engulfs the smoke demon.
The smoke demon resists.
The smoke demon is lightly wounded.
The smoke demon roars!
The fireball engulfs the ufetubus.
The ufetubus is burned terribly!
You kill the ufetubus!
Vehumet accepts your kill.
Vehumet offers you knowledge of Delayed Fireball.
You feel your power returning.
The fireball engulfs Xieteity.
Xieteity is lightly wounded.
The white imp shouts!
The iron imp shouts!
An orb of electricity appears from out of thin air!
The orb of electricity explodes!
The orb of electricity engulfs you!
Ouch! That really hurt!
You die...

▓..=5:3|..▓
▓..553&:..▓
▓.....{.5.▓
▓.........▓
▓.........▓
▓.........▓
▓.▓.....▓.▓
▓....@....▓
▓▓▓▓▓▓▓▓▓▓▓


You could see Xieteity, a smoke demon, a ynoxinul, an iron imp, a quasit, a
crimson imp and a white imp.

Vanquished Creatures
  2 spriggans (D)
  A spriggan druid (D)
  A wolf spider (D)
  A black mamba (D)
  3 jumping spiders (D)
  2 hornets (D)
  A slime creature (D)
  2 redbacks (D)
  A tarantella (D)
  A yak (D)
  2 golden eyes (D)
  2 water moccasins (D)
  2 floating eyes (D)
  A black bear (D)
  3 wolves (D)
  2 bullfrogs (D)
  5 scorpions (D)
  A crimson imp (D)
  A quasit (D)
  3 jellies (D)
  An iguana (D)
  5 adders (D)
  An ufetubus (D)
  An ooze (D)
  2 ball pythons (D)
  A jackal (D)
48 creatures vanquished.

Vanquished Creatures (others)
  2 spatial maelstroms (D)
2 creatures vanquished.

Grand Total: 50 creatures vanquished

Notes
Turn   | Place    | Note
-------+----------+-------------------------------------------
     0 | D        | Kidiri the Deep Elf Fire Elementalist began the quest for the Orb.
     0 | D        | Reached XP level 1. HP: 10/10 MP: 6/6
     0 | D        | Found a deep blue altar of Sif Muna.
     0 | D        | Found a sacrificial altar of Ru.
     0 | D        | Found a bloodstained altar of Trog.
     0 | D        | Found a stormy altar of Qazlal.
     0 | D        | Found an iron altar of Okawaru.
     0 | D        | Found a sparkling altar of Nemelex Xobeh.
     0 | D        | Found a blossoming altar of Fedhas.
     2 | D        | Found an ancient bone altar of Kikubaaqudgha.
     2 | D        | Found a viscous altar of Jiyva.
     2 | D        | Found a corrupted altar of Lugonu.
     2 | D        | Found a hazy altar of Hepliaklqana.
     2 | D        | Found a burning altar of Makhleb.
     2 | D        | Found an opulent altar of Gozag.
     2 | D        | Banished a spatial maelstrom
    34 | D        | Banished a spatial maelstrom
    55 | D        | Reached skill level 1 in Fighting
    55 | D        | Reached skill level 1 in Armour
    55 | D        | Reached skill level 5 in Spellcasting
    55 | D        | Reached XP level 2. HP: 17/17 MP: 6/10
   126 | D        | Learned a level 2 spell: Throw Flame
   144 | D        | Became a worshipper of Vehumet
   159 | D        | Entered arena 1.
   159 | D        | Noticed a crimson imp
   160 | D        | Killed a crimson imp
   160 | D        | Reached skill level 6 in Spellcasting
   160 | D        | Reached skill level 1 in Evocations
   160 | D        | Reached XP level 3. HP: 21/21 MP: 12/12
   162 | D        | Reached * piety under Vehumet
   162 | D        | Offered knowledge of Shock by Vehumet.
   162 | D        | Reached XP level 4. HP: 21/27 MP: 14/14
   167 | D        | Learned a level 3 spell: Conjure Flame
   171 | D        | Learned a level 3 spell: Inner Flame
   176 | D        | Learned a level 4 spell: Sticky Flame
   251 | D        | Entered arena 2.
   251 | D        | Noticed a golden eye
   251 | D        | Noticed a golden eye
   267 | D        | Reached skill level 7 in Spellcasting
   267 | D        | Reached skill level 5 in Fire Magic
   319 | D        | Killed a golden eye
   319 | D        | Reached skill level 5 in Dodging
   319 | D        | Reached skill level 8 in Spellcasting
   319 | D        | Reached XP level 5. HP: 32/32 MP: 18/18
   336 | D        | Killed a golden eye
   336 | D        | Offered knowledge of Throw Frost by Vehumet.
   336 | D        | Reached ** piety under Vehumet
   336 | D        | Reached skill level 9 in Spellcasting
   336 | D        | Reached skill level 5 in Conjurations
   336 | D        | Reached XP level 6. HP: 38/38 MP: 20/20
   382 | D        | Learned a level 5 spell: Fireball
   389 | D        | Got the ring of Diaci {Fire Slay+2}
   393 | D        | Entered arena 3.
   393 | D        | Noticed a jumping spider
   393 | D        | Noticed a jumping spider
   394 | D        | Killed a jumping spider
   394 | D        | Reached skill level 5 in Staves
   394 | D        | Reached skill level 10 in Spellcasting
   394 | D        | Reached XP level 7. HP: 43/43 MP: 21/22
   395 | D        | Killed a jumping spider
   395 | D        | Reached skill level 5 in Evocations
   395 | D        | Reached skill level 11 in Spellcasting
   395 | D        | Reached *** piety under Vehumet
   404 | D        | Got the +1 robe of the Duke {rCorr Str+4 Int+4}
   463 | D        | Entered arena 4.
   464 | D        | Offered knowledge of Mephitic Cloud by Vehumet.
   464 | D        | Reached XP level 8. HP: 48/48 MP: 25/25
   467 | D        | Reached **** piety under Vehumet
   482 | D        | Got the ring "Jucvetwa" {Int+3 Dex+4 SInv Stlth+}
   492 | D        | Learned a level 4 spell: Airstrike
   514 | D        | Entered arena 5.
   516 | D        | Reached skill level 1 in Air Magic
   518 | D        | Reached skill level 5 in Fighting
   518 | D        | Reached skill level 5 in Armour
   523 | D        | Reached ***** piety under Vehumet
   585 | D        | Entered arena 6.
   585 | D        | Noticed a slime creature
   586 | D        | Reached skill level 12 in Spellcasting
   589 | D        | Killed a slime creature
   597 | D        | Got the ring "Toigo" {*Corrode rF- MP+9 Int+3 Dex+8}
   633 | D        | Entered arena 7.
   633 | D        | Noticed a black mamba
   634 | D        | Offered knowledge of Force Lance by Vehumet.
   638 | D        | Killed a black mamba
   638 | D        | Reached ****** piety under Vehumet
   638 | D        | Reached XP level 9. HP: 41/54 MP: 26/27
   661 | D        | Got the +0 pair of boots of the Great Game {Str+3}
   765 | D        | Entered arena 8.
   765 | D        | Noticed a spriggan druid
   765 | D        | Noticed a spriggan rider
   765 | D        | Noticed a spriggan rider
   766 | D        | Reached skill level 13 in Spellcasting
   767 | D        | Killed a spriggan druid
   767 | D        | Killed a spriggan rider
   769 | D        | Reached skill level 14 in Spellcasting
   778 | D        | Reached XP level 10. HP: 22/61 MP: 23/30
   875 | D        | Entered arena 9.
   875 | D        | Noticed a wolf spider
   876 | D        | Offered knowledge of Ignite Poison by Vehumet.
   876 | D        | Reached skill level 5 in Air Magic
   877 | D        | Killed a wolf spider
   877 | D        | Reached skill level 10 in Dodging
  1099 | D        | Learned a level 3 spell: Ignite Poison
  1099 | D        | Entered arena 10.
  1099 | D        | Noticed a smoke demon
  1099 | D        | Noticed Xieteity the pandemonium lord
  1099 | D        | Noticed Gumiw the pandemonium lord
  1100 | D        | Offered knowledge of Delayed Fireball by Vehumet.
  1100 | D        | Killed from afar by Gumiw the pandemonium lord

Vault maps used:
D:        sprint_v

Skill      XL: |  1  2  3  4  5  6  7  8  9 10 |
---------------+-------------------------------+-----
Fighting       | 1 2 3 4 5 6 |  6.7
Staves         | 2 4 5 6 7 8 |  8.2
Armour         | 1 2 3 4 5 6 |  6.9
Dodging        | 3 4 5 6 7 8 9 10 | 10.2
Spellcasting   | 5 6 8 9 10 11 12 14 | 14.7
Conjurations   | 3 4 5 6 7 8 9 |  9.3
Fire Magic     | 4 5 6 7 8 9 |  9.5
Evocations     | 1 3 4 5 7 8 |  8.6
Air Magic      | 3 4 5 |  5.6
Stealth        | |  2.4

Action                   |  1- 3 |  4- 6 |  7- 9 | 10-12 || total
-------------------------+-------+-------+-------+-------++-------
Melee: Quarterstaff      |       |    28 |     6 |     2 ||    36
 Cast: Flame Tongue      |     1 |     1 |    14 |     3 ||    19
       Fireball          |       |       |    10 |     4 ||    14
       Sticky Flame      |       |       |     2 |     1 ||     3
       Airstrike         |       |       |     1 |       ||     1
Evoke: Wand              |     1 |       |       |       ||     1
  Use: Potion            |     1 |     6 |     3 |     1 ||    11
  Eat: Fruit             |     2 |    10 |       |       ||    12
Armor: Robe              |     1 |       |     3 |     1 ||     5
Dodge: Dodged            |     3 |     3 |     7 |     5 ||    18
